TOP OF THE 1ST |
Panama City Piranhas batting - Pitching for Atlanta Smoke : RHP Calvin Beck
|
Pitching: RHP Calvin Beck
|
|
Batting: RHB Juan Jose Ayala
|
0-0: Ball 1-0: Called Strike 1-1: DOUBLE (Line Drive, 9LM)
|
Batting: RHB Baldomero Avino
|
0-0: Ball 1-0: Foul Ball, location: 2F 1-1: Ball 2-1: Ball 3-1: Base on Balls
|
Batting: LHB Sergio Muńóz
|
0-0: Called Strike 0-1: Ball Juan Jose Ayala steals 3rd base Baldomero Avino to second 1-1: Foul Ball, location: 2F 1-2: Ball 2-2: Strikes out swinging
|
Batting: RHB Cale Sutton
|
0-0: Fly out, F8 (Flyball, 8RD) Runner from 3rd tags up, SCORES, no throw
|
Batting: LHB Jack Sutherland
|
0-0: Called Strike 0-1: 2-RUN HOME RUN (Line Drive, 9LD), Distance : 368 ft
|
Batting: RHB Andy Putman
|
0-0: Fly out, F9 (Flyball, 89S)
|
Top of the 1st over - 3 runs, 2 hits, 0 errors, 0 left on base; Panama City 3 - Atlanta 0 |
BOTTOM OF THE 1ST |
Atlanta Smoke batting - Pitching for Panama City Piranhas : LHP Pedro Alejándrez
|
Pitching: LHP Pedro Alejándrez
|
|
Batting: RHB Bartolo Morales
|
0-0: Called Strike 0-1: DOUBLE (Line Drive, 78D)
|
Batting: RHB Casey Cavell
|
0-0: Swinging Strike 0-1: Called Strike 0-2: Foul Ball, location: 2F 0-2: Foul Ball, location: 2F 0-2: Strikes out looking
|
Batting: LHB Albert Morán
|
0-0: Ball 1-0: Foul Ball, location: 2F 1-1: Foul Ball, location: 2F 1-2: Ground out 5-3 (Groundball, 6) Bartolo Morales to third
|
Batting: LHB Yataro Kodo
|
0-0: Ball 1-0: Foul Ball, location: 2F 1-1: Fly out, F7 (Flyball, 7LMF)
|
Bottom of the 1st over - 0 runs, 1 hit, 0 errors, 1 left on base; Panama City 3 - Atlanta 0 |
TOP OF THE 2ND |
Panama City Piranhas batting - Pitching for Atlanta Smoke : RHP Calvin Beck
|
Batting: RHB Armando Alvarado
|
0-0: Called Strike 0-1: Ball 1-1: Ball 2-1: Fly out, F6 (Popup, 6)
|
Batting: RHB Fernando Silva
|
0-0: Ball 1-0: Called Strike 1-1: Foul Ball, location: 2F 1-2: Ball 2-2: Ground out 6-3 (Groundball, 6)
|
Batting: RHB Darrell Terwey
|
0-0: Ball 1-0: SINGLE (Groundball, 56D)
|
Batting: RHB Juan Jose Ayala
|
0-0: Fly out, F9 (Line Drive, 89M)
|
Top of the 2nd over - 0 runs, 1 hit, 0 errors, 1 left on base; Panama City 3 - Atlanta 0 |
BOTTOM OF THE 2ND |
Atlanta Smoke batting - Pitching for Panama City Piranhas : LHP Pedro Alejándrez
|
Batting: SHB Valentín Guzmán
|
0-0: Ball 1-0: Ball 2-0: Called Strike 2-1: Called Strike 2-2: Foul Ball, location: 2F 2-2: Strikes out swinging
|
Batting: RHB Gabriel Maldonado
|
0-0: Ball 1-0: Ball 2-0: Foul Ball, location: 2F 2-1: Swinging Strike 2-2: Fly out, F9 (Flyball, 9D)
|
Batting: RHB Bobby Butterfield
|
0-0: Called Strike 0-1: Swinging Strike 0-2: Strikes out looking
|
Bottom of the 2nd over - 0 runs, 0 hits, 0 errors, 0 left on base; Panama City 3 - Atlanta 0 |
TOP OF THE 3RD |
Panama City Piranhas batting - Pitching for Atlanta Smoke : RHP Calvin Beck
|
Batting: RHB Baldomero Avino
|
0-0: Fly out, F3 (Popup, 3S)
|
Batting: LHB Sergio Muńóz
|
0-0: Called Strike 0-1: Ball 1-1: Ball 2-1: Foul Ball, location: 2F 2-2: Strikes out swinging
|
Batting: RHB Cale Sutton
|
0-0: Swinging Strike 0-1: Ball 1-1: Called Strike 1-2: Strikes out swinging
|
Top of the 3rd over - 0 runs, 0 hits, 0 errors, 0 left on base; Panama City 3 - Atlanta 0 |
BOTTOM OF THE 3RD |
Atlanta Smoke batting - Pitching for Panama City Piranhas : LHP Pedro Alejándrez
|
Batting: RHB Gerardo Castillo
|
0-0: Ball 1-0: Foul Ball, location: 2F 1-1: Called Strike 1-2: Ball 2-2: Foul Ball, location: 2F 2-2: Strikes out swinging
|
Batting: SHB Melito Báez
|
0-0: Ball 1-0: Ball 2-0: Fly out, F9 (Flyball, 9S)
|
Batting: RHB Bartolo Morales
|
0-0: SINGLE (Line Drive, 7LS)
|
Batting: RHB Casey Cavell
|
0-0: Ball Wild Pitch! Bartolo Morales to second 1-0: Called Strike 1-1: Called Strike 1-2: Ground out U3 (Groundball, 34S)
|
Bottom of the 3rd over - 0 runs, 1 hit, 0 errors, 1 left on base; Panama City 3 - Atlanta 0 |
TOP OF THE 4TH |
Panama City Piranhas batting - Pitching for Atlanta Smoke : RHP Calvin Beck
|
Batting: LHB Jack Sutherland
|
0-0: Called Strike 0-1: Ball 1-1: Ball 2-1: Foul Ball, location: 2F 2-2: DOUBLE (Line Drive, 8RD)
|
Batting: RHB Andy Putman
|
0-0: Ball 1-0: Ball 2-0: Called Strike 2-1: Fly out, F8 (Flyball, 8LS)
|
Batting: RHB Armando Alvarado
|
0-0: Ball 1-0: Called Strike 1-1: Foul Ball, location: 2F 1-2: Ball 2-2: Fly out, F8 (Flyball, 8RM)
|
Batting: RHB Fernando Silva
|
0-0: Called Strike 0-1: Called Strike 0-2: Ball 1-2: Ball 2-2: Foul Ball, location: 2F 2-2: Foul Ball, location: 2F 2-2: Ground out 6-3 (Groundball, 6)
|
Top of the 4th over - 0 runs, 1 hit, 0 errors, 1 left on base; Panama City 3 - Atlanta 0 |
BOTTOM OF THE 4TH |
Atlanta Smoke batting - Pitching for Panama City Piranhas : LHP Pedro Alejándrez
|
Batting: LHB Albert Morán
|
0-0: Ball 1-0: Ball 2-0: Foul Ball, location: 2F 2-1: Fly out, F8 (Flyball, 78D)
|
Batting: LHB Yataro Kodo
|
0-0: Fly out, F9 (Flyball, 89S)
|
Batting: SHB Valentín Guzmán
|
0-0: Ball 1-0: Swinging Strike 1-1: Ball 2-1: Ground out 6-3 (Groundball, 6M)
|
Bottom of the 4th over - 0 runs, 0 hits, 0 errors, 0 left on base; Panama City 3 - Atlanta 0 |
TOP OF THE 5TH |
Panama City Piranhas batting - Pitching for Atlanta Smoke : RHP Calvin Beck
|
Batting: RHB Darrell Terwey
|
0-0: Ball 1-0: Swinging Strike 1-1: Ball 2-1: Foul Ball, location: 2F 2-2: Foul Ball, location: 2F 2-2: Foul Ball, location: 2F 2-2: Foul Ball, location: 2F 2-2: Strikes out swinging
|
Batting: RHB Juan Jose Ayala
|
0-0: Ball 1-0: Called Strike 1-1: Ball 2-1: Ball 3-1: Base on Balls
|
Batting: RHB Baldomero Avino
|
0-0: Called Strike 0-1: Ball 1-1: Ball 2-1: Swinging Strike 2-2: SINGLE (Flyball, 8RS) Juan Jose Ayala to second
|
Batting: LHB Sergio Muńóz
|
0-0: Ball 1-0: Foul Ball, location: 2F 1-1: Called Strike Juan Jose Ayala is caught stealing 3rd base 1-2: Ball 2-2: Strikes out looking
|
Top of the 5th over - 0 runs, 1 hit, 0 errors, 1 left on base; Panama City 3 - Atlanta 0 |
BOTTOM OF THE 5TH |
Atlanta Smoke batting - Pitching for Panama City Piranhas : LHP Pedro Alejándrez
|
Batting: RHB Gabriel Maldonado
|
0-0: Ball 1-0: Swinging Strike 1-1: Fly out, F6 (Popup, 6M)
|
Batting: RHB Bobby Butterfield
|
0-0: Ball 1-0: Called Strike 1-1: Foul Ball, location: 2F 1-2: Strikes out swinging
|
Batting: RHB Gerardo Castillo
|
0-0: Fly out, F3 (Line Drive, 3S)
|
Bottom of the 5th over - 0 runs, 0 hits, 0 errors, 0 left on base; Panama City 3 - Atlanta 0 |
TOP OF THE 6TH |
Panama City Piranhas batting - Pitching for Atlanta Smoke : RHP Calvin Beck
|
Batting: RHB Cale Sutton
|
0-0: Foul Ball, location: 2F 0-1: Ball 1-1: Ball 2-1: Swinging Strike 2-2: Fly out, F9 (Flyball, 89D)
|
Batting: LHB Jack Sutherland
|
0-0: Ball 1-0: Called Strike 1-1: Ball 2-1: Swinging Strike 2-2: Foul Ball, location: 2F 2-2: Hit by Pitch
|
Batting: RHB Andy Putman
|
0-0: Ball 1-0: Called Strike 1-1: Foul Ball, location: 2F 1-2: Foul Ball, location: 2F 1-2: SINGLE (Line Drive, 4MD) Jack Sutherland to second
|
Batting: RHB Armando Alvarado
|
0-0: Called Strike 0-1: Ball 1-1: Swinging Strike 1-2: Fly out, F9 (Line Drive, 9)
|
Batting: RHB Fernando Silva
|
0-0: Swinging Strike 0-1: Ball 1-1: Fly out, F9 (Flyball, 9LS)
|
Top of the 6th over - 0 runs, 1 hit, 0 errors, 2 left on base; Panama City 3 - Atlanta 0 |
BOTTOM OF THE 6TH |
Atlanta Smoke batting - Pitching for Panama City Piranhas : LHP Pedro Alejándrez
|
Batting: SHB Melito Báez
|
0-0: Fly out, F6 (Line Drive, 6)
|
Batting: RHB Bartolo Morales
|
0-0: Ball 1-0: Called Strike 1-1: Ground out 5-3 (Groundball, 56)
|
Batting: RHB Casey Cavell
|
0-0: Ball 1-0: Ball 2-0: Ball 3-0: Base on Balls
|
Batting: LHB Albert Morán
|
0-0: Called Strike 0-1: Ball 1-1: Foul Ball, location: 2F 1-2: Fly out, F4 (Popup, 4)
|
Bottom of the 6th over - 0 runs, 0 hits, 0 errors, 1 left on base; Panama City 3 - Atlanta 0 |
TOP OF THE 7TH |
Panama City Piranhas batting - Pitching for Atlanta Smoke : RHP Calvin Beck
|
Batting: RHB Darrell Terwey
|
0-0: Ball 1-0: Swinging Strike 1-1: Foul Ball, location: 2F 1-2: Foul Ball, location: 2F 1-2: Ball 2-2: Fly out, F7 (Flyball, 7S)
|
Batting: RHB Juan Jose Ayala
|
0-0: SINGLE (Groundball, 34D)
|
Batting: RHB Baldomero Avino
|
0-0: Ball 1-0: SINGLE (Groundball, 56D) Juan Jose Ayala to second
|
Batting: LHB Sergio Muńóz
|
0-0: Ball 1-0: Called Strike 1-1: Foul Ball, location: 2F 1-2: Foul Ball, location: 2F 1-2: Foul Ball, location: 2F 1-2: DOUBLE (Flyball, 8LXD) Juan Jose Ayala scores Baldomero Avino to third
|
Pitching: RHP Domingo Velasco
|
|
Batting: RHB Cale Sutton
|
0-0: Ball 1-0: Ball 2-0: Called Strike 2-1: Fly out, F7 (Flyball, 7S)
|
Batting: LHB Jack Sutherland
|
0-0: Ball 1-0: Ground out 6-3 (Groundball, 6M)
|
Top of the 7th over - 1 run, 3 hits, 0 errors, 2 left on base; Panama City 4 - Atlanta 0 |
BOTTOM OF THE 7TH |
Atlanta Smoke batting - Pitching for Panama City Piranhas : LHP Pedro Alejándrez
|
Batting: LHB Yataro Kodo
|
0-0: Called Strike 0-1: Ball 1-1: Ball 2-1: Foul Ball, location: 2F 2-2: Ground out 4-3 (Groundball, 4)
|
Batting: SHB Valentín Guzmán
|
0-0: Ground out 6-3 (Groundball, 6MD)
|
Batting: RHB Gabriel Maldonado
|
0-0: Called Strike 0-1: Foul Ball, location: 2F 0-2: Ball 1-2: Ball 2-2: Strikes out looking
|
Bottom of the 7th over - 0 runs, 0 hits, 0 errors, 0 left on base; Panama City 4 - Atlanta 0 |
TOP OF THE 8TH |
Panama City Piranhas batting - Pitching for Atlanta Smoke : RHP Domingo Velasco
|
Batting: RHB Andy Putman
|
0-0: Fly out, F8 (Line Drive, 8RD)
|
Batting: RHB Armando Alvarado
|
0-0: Ball 1-0: Foul Ball, location: 2F 1-1: Ball 2-1: SINGLE (Groundball, 34D)
|
Batting: RHB Fernando Silva
|
0-0: Fielders Choice at 2nd, 1-6 (Groundball, 13)
|
Batting: RHB Darrell Terwey
|
0-0: Ball 1-0: Ball 2-0: Foul Ball, location: 2F 2-1: Ground out U3 (Groundball, 3S)
|
Top of the 8th over - 0 runs, 1 hit, 0 errors, 1 left on base; Panama City 4 - Atlanta 0 |
BOTTOM OF THE 8TH |
Atlanta Smoke batting - Pitching for Panama City Piranhas : LHP Pedro Alejándrez
|
Batting: RHB Bobby Butterfield
|
0-0: Ball 1-0: Ball 2-0: Foul Ball, location: 2F 2-1: Ball 3-1: Called Strike 3-2: Ground out 1-3 (Groundball, 13S)
|
Batting: RHB Gerardo Castillo
|
0-0: Called Strike 0-1: Foul Ball, location: 2F 0-2: Fly out, F7 (Flyball, 78D)
|
Batting: SHB Melito Báez
|
0-0: TRIPLE (Flyball, 9LD)
|
Batting: RHB Bartolo Morales
|
0-0: Ball 1-0: Fly out, F8 (Flyball, 8LM)
|
Bottom of the 8th over - 0 runs, 1 hit, 0 errors, 1 left on base; Panama City 4 - Atlanta 0 |
TOP OF THE 9TH |
Panama City Piranhas batting - Pitching for Atlanta Smoke : RHP Domingo Velasco
|
Batting: RHB Juan Jose Ayala
|
0-0: Ball 1-0: SINGLE (Groundball, 56D)
|
Batting: RHB Baldomero Avino
|
0-0: Called Strike Juan Jose Ayala steals 2nd base 0-1: Foul Ball, location: 2F 0-2: Ball 1-2: Foul Ball, location: 2F 1-2: Ball 2-2: SINGLE (Groundball, 6D) Juan Jose Ayala to third Runner from 3rd tries for Home, SAFE, no throw
|
Batting: LHB Sergio Muńóz
|
0-0: Ball 1-0: Ball 2-0: Called Strike 2-1: Foul Ball, location: 2F 2-2: DOUBLE (Flyball, 8LXD) Baldomero Avino to third
|
Batting: RHB Cale Sutton
|
0-0: Called Strike 0-1: Foul Ball, location: 2F 0-2: Ball 1-2: SINGLE (Groundball, 56D) Baldomero Avino scores Sergio Muńóz to third
|
Batting: LHB Jack Sutherland
|
0-0: Ball 1-0: Called Strike 1-1: Ball 2-1: Called Strike 2-2: Ball 3-2: DOUBLE (Groundball, 3L) Sergio Muńóz scores Cale Sutton to third
|
Batting: RHB Andy Putman
|
0-0: Ball 1-0: Ball 2-0: Called Strike 2-1: Swinging Strike 2-2: Fly out, F5 (Popup, 6S)
|
Batting: RHB Armando Alvarado
|
0-0: Swinging Strike 0-1: Ball 1-1: Ball 2-1: Fly out, F9 (Flyball, 9LS) Runner from 3rd tags up, SCORES, no throw
|
Batting: RHB Fernando Silva
|
0-0: Called Strike 0-1: Ball 1-1: Foul Ball, location: 2F 1-2: Ball 2-2: Foul Ball, location: 2F 2-2: Ground out 6-3 (Groundball, 6S)
|
Top of the 9th over - 4 runs, 5 hits, 0 errors, 1 left on base; Panama City 8 - Atlanta 0 |
BOTTOM OF THE 9TH |
Atlanta Smoke batting - Pitching for Panama City Piranhas : LHP Pedro Alejándrez
|
Batting: RHB Casey Cavell
|
0-0: Called Strike 0-1: Ball 1-1: Fly out, F7 (Flyball, 7D)
|
Batting: LHB Albert Morán
|
0-0: Ball 1-0: Ground out U3 (Groundball, 34)
|
Batting: LHB Yataro Kodo
|
0-0: Ball 1-0: Foul Ball, location: 2F 1-1: Ball 2-1: Ball 3-1: Ground out 4-3 (Groundball, 4)
|
Bottom of the 9th over - 0 runs, 0 hits, 0 errors, 0 left on base; Panama City 8 - Atlanta 0 |
|